 Dungeon Crawl Stone Soup version 0.30-a0-743-gbfdf073431 (webtiles) character file.

Game seed: 17268581319957124436

26462 Monkooky the Grappler (level 12, 0/99 (103) HPs)
             Began as a Demigod Artificer on Feb 5, 2023.
             Slain by a pharaoh ant (3 damage)
             ... on level 2 of the Lair of Beasts.
             The game lasted 00:35:15 (15957 turns).

Monkooky the Grappler (Demigod Artificer)          Turns: 15957, Time: 00:35:15

HP:   0/99 (103)    AC: 20    Str: 28 (29) XL:     12   Next: 61%
MP:   17/23         EV: 11    Int: 10 (13) God:
Gold: 743           SH: 11    Dex: 11 (14) Spells: 16/21 levels left

rFire   . . .      SeeInvis .    v - +9 staff of Olgreb {rPois∞}
rCold   . . .      Faith    .    S - +2 buckler
rNeg    . . .      Spirit   .    i - +0 ring mail
rPois   ∞          Reflect  +    u - +1 helmet
rElec   .          Harm     .    p - +0 cloak
rCorr   .          Rampage  .    C - +0 pair of gloves
Will    +....                    U - +1 pair of boots
Stlth   +                        T - amulet of reflection
HPRegen 0.36/turn                z - +4 ring of protection
MPRegen 0.18/turn                y - +4 ring of protection

@: lightly drained
A: high MP 1, forlorn, divine attributes
a: Evoke the Staff of Olgreb


You were on level 2 of the Lair of Beasts.
You visited 3 branches of the dungeon, and saw 15 of its levels.

You collected 1245 gold pieces.
You spent 502 gold pieces at shops.

Inventory:

Hand Weapons
 v - the +9 staff of Olgreb (weapon) {rPois∞}
   (You found it on level 6 of the Dungeon)

   It enhances your poison magic.
   It grants immunity to poison.
   It can be activated via the 'a'bility menu to radiate toxic energy, with
   effectiveness depending on Evocations skill.
Missiles
 h - 26 boomerangs
 l - 4 javelins
 G - 2 silver boomerangs
 M - 3 throwing nets
 Y - 4 boomerangs of dispersal
Armour
 i - a +0 ring mail (worn)
 p - a +0 cloak (worn)
 u - a +1 helmet (worn)
 C - a +0 pair of gloves (worn)
 S - a +2 buckler (worn)
 U - a +1 pair of boots (worn)
Jewellery
 k - a ring of protection from cold
 m - a ring of resist corrosion
 t - a ring of see invisible
 y - a +4 ring of protection (right hand)
 z - a +4 ring of protection (left hand)
 A - a ring of willpower
 L - a ring of fire
 T - an amulet of reflection (around neck)
Wands
 c - a wand of flame (32)
 d - a wand of charming (6)
 e - a wand of iceblast (3)
 X - a wand of paralysis (16)
Scrolls
 j - 4 scrolls of immolation
 n - 3 scrolls of fog
 q - 7 scrolls of teleportation
 x - a scroll of brand weapon
 D - 6 scrolls of fear
 F - 3 scrolls of poison
 N - 2 scrolls of magic mapping
 R - a scroll of summoning
 V - 2 scrolls of enchant weapon
Potions
 b - a potion of lignification {unknown}
 f - a potion of berserk rage {unknown}
 o - 2 potions of might
 r - 3 potions of heal wounds
 s - 3 potions of haste
 B - 2 potions of magic {unknown}
 E - 2 potions of ambrosia
 H - 4 potions of invisibility {unknown}
 I - a potion of resistance {unknown}
 J - 2 potions of cancellation
 K - 2 potions of flight {unknown}
 O - 2 potions of mutation {unknown}
 Q - 3 potions of brilliance {unknown}
 W - a potion of attraction {unknown}
Miscellaneous
 a - a phial of floods


   Skills:
 + Level 8.5 Fighting
 - Level 4.0 Armour
 - Level 3.5 Dodging
 - Level 1.0 Stealth
 - Level 3.0 Shields
 + Level 11.2 Unarmed Combat
 - Level 5.0 Spellcasting
 - Level 7.7 Transmutations
 - Level 10.1 Evocations


You had 16 spell levels left.
You knew the following spells:

 Your Spells              Type           Power      Damage    Failure   Level
a - Blade Hands           Tmut           9%         N/A       45%         5

Your spell library contained the following spells:

 Spells                   Type           Power      Damage    Failure   Level
 Magic Dart               Conj           8%         1d3       41%         1
 Call Imp                 Summ           2%         N/A       54%         2
 Gell's Gravitas          Tloc           2%         N/A       78%         3
 Inner Flame              Hex/Fire       2%         N/A       78%         3
 Mephitic Cloud           Conj/Pois/Air  3%         N/A       78%         3
 Portal Projectile        Hex/Tloc       4%         N/A       78%         3
 Teleport Other           Tloc           2%         N/A       78%         3
 Tukima's Dance           Hex            2%         N/A       78%         3
 Cause Fear               Hex            1%         N/A       99%         4
 Dispersal                Tloc           1%         N/A       100%        6
 Discord                  Hex            1%         N/A       100%        8


Dungeon Overview and Level Annotations

Branches:
Dungeon (11/15)            Temple (0/1) D:5            Lair (2/5) D:8
 Spider (0/4) Lair:2          Orc (2/2) D:9             Elf (0/3) Orc:2
  Swamp: Lair:2-3    Shoals: Lair:2-3

Shops:
D:10 (   Orc:2 ***[

Annotations:
D:6 1 runed translucent door


Innate Abilities, Weirdness & Mutations

You have an increased reservoir of magic. (+10% MP)
You shall have no god before yourself.
Your divine heritage dramatically boosts your attributes as you level up.


Message History

The black bear bites you but does no damage.
The black bear claws you but does no damage.
The black bear barely misses you.
The pharaoh ant bites you but does no damage.
The redback bites you but does no damage.
The black bear bites you! The black bear claws you.
The black bear claws you but does no damage.
The pharaoh ant bites you!!
The redback bites you but does no damage.
The black bear bites you!
The black bear claws you but does no damage. x2
The pharaoh ant barely misses you.
The redback looks more healthy.
The redback bites you. The black bear bites you.
The black bear claws you but does no damage. x2
The pharaoh ant bites you.
* * * LOW HITPOINT WARNING * * *
The jumping spider leaps!
The black bear bites you but does no damage.
The black bear barely misses you.
The black bear claws you but does no damage.
The pharaoh ant bites you but does no damage.
The redback bites you.
The black bear bites you but does no damage.
The black bear claws you.
* * * LOW HITPOINT WARNING * * *
The black bear claws you but does no damage.
The pharaoh ant bites you but does no damage.
You turn to flesh and can move again.
Aiming: Iceblast
Press: ? - help, Shift-Dir - straight line, p - pharaoh ant The mass of ice explodes!
The iceblast engulfs the black bear!!
You kill the black bear!
You hear a shout!
The redback bites you.
* * * LOW HITPOINT WARNING * * *
The jumping spider leaps!
The pharaoh ant bites you!!
* * * LOW HITPOINT WARNING * * *
You feel drained.
You die...

#.#.### .###P#
.......#.s... .#.P
......#.... ....
##...>....###..##.
......#...#.....
#..○.........#
#.#.....†..... .
####.#......##...>
#..#..#.@B....$...
##.#..##s....#....
##.>.#####.........
#..<## ##.....#..
#.....## ##..?...
#....# ....#..
##... ....... #..P
...... #P# ...


You could see a pharaoh ant, a jumping spider and a redback.

Vanquished Creatures
  Snorg (D:11)
  3 two-headed ogres
  Urug (Lair:1)
  Amaemon (Lair:1)
  A fire crab (D:8)
  8 orc knights
  Maurice (Orc:1)
  An orange demon (Lair:1)
  A cane toad (Lair:1)
  3 komodo dragons (Lair:1)
  4 trolls
  A hornet (D:8)
  A basilisk (Lair:2)
  31 yaks
  A steam dragon (D:7)
  2 redbacks
  5 wargs
  Edmund (D:4)
  7 water moccasins
  Duvessa (D:4)
  37 orc warriors
  3 ice beasts
  2 ogres
  3 black bears
  4 centaurs
  A phantom (D:5)
  2 kobold brigands
  11 bullfrogs
  A gnoll sergeant (D:10)
  7 scorpions
  A necrophage (D:5)
  9 wights
  Dowan (D:4)
  23 killer bees
  A howler monkey (D:8)
  A lava snake (D:9)
  3 hounds
  10 orc priests
  A gnoll bouda (D:8)
  3 iguanas
  2 jellies
  Jessica (D:2)
  25 orc wizards
  Natasha (twice) (D:2)
  2 hell rats (Lair:1)
  Robin (D:2)
  11 gnolls
  14 adders
  5 river rats (Lair:1)
  2 white imps (D:7)
  4 ufetubi
  3 worms
  A dart slug (D:4)
  93 orcs
  4 ball pythons
  7 endoplasms
  7 giant cockroaches
  7 hobgoblins
  8 jackals
  18 kobolds
  3 quokkas (D:1)
  3 bats
  3 frilled lizards
  21 goblins
  5 rats
451 creatures vanquished.

Vanquished Creatures (collateral kills)
  2 scorpions (D:6)
  3 killer bees (D:6)
  An adder (D:6)
6 creatures vanquished.

Vanquished Creatures (others)
  2 redbacks (D:6)
  A water moccasin (D:6)
  3 killer bees (D:6)
  An orc priest (D:6)
  3 fungi
  2 plants (Lair:1)
12 creatures vanquished.

Grand Total: 469 creatures vanquished

Notes
Turn   | Place    | Note
-------+----------+-------------------------------------------
     0 | D:1      | Monkooky the Demigod Artificer began the quest for the Orb.
     0 | D:1      | Reached XP level 1. HP: 15/15 MP: 3/3
    89 | D:1      | Reached skill level 1 in Fighting
    89 | D:1      | Reached skill level 1 in Dodging
    89 | D:1      | Reached skill level 1 in Stealth
   330 | D:1      | Reached XP level 2. HP: 23/23 MP: 4/4
   746 | D:2      | Noticed Robin
   767 | D:2      | Reached XP level 3. HP: 22/28 MP: 5/5
   934 | D:2      | Killed Robin
   935 | D:2      | Reached skill level 1 in Unarmed Combat
  1170 | D:2      | Noticed Natasha
  1179 | D:2      | Killed Natasha
  1180 | D:2      | Reached skill level 2 in Unarmed Combat
  1180 | D:2      | Reached XP level 4. HP: 15/35 MP: 6/6
  1511 | D:2      | Reached skill level 3 in Unarmed Combat
  1666 | D:2      | Noticed Natasha
  1668 | D:2      | Noticed Jessica
  1672 | D:2      | Killed Natasha
  1677 | D:2      | Killed Jessica
  1678 | D:2      | Reached XP level 5. HP: 24/40 MP: 7/7
  1916 | D:3      | Reached skill level 4 in Unarmed Combat
  2257 | D:3      | Found the +5 woodcutter's axe
  2768 | D:4      | Noticed Edmund
  2775 | D:4      | Reached skill level 5 in Unarmed Combat
  2775 | D:4      | Reached XP level 6. HP: 44/47 MP: 8/8
  2785 | D:4      | Killed Edmund
  3166 | D:4      | Noticed Dowan
  3199 | D:4      | Reached skill level 6 in Unarmed Combat
  3239 | D:4      | Noticed Duvessa
  3273 | D:4      | Killed Duvessa
  3274 | D:4      | Reached XP level 7. HP: 38/52 MP: 9/9
  3331 | D:4      | Killed Dowan
  3332 | D:4      | Reached skill level 7 in Unarmed Combat
  3692 | D:5      | Entered Level 5 of the Dungeon
  3914 | D:5      | Reached skill level 8 in Unarmed Combat
  4103 | D:5      | Reached XP level 8. HP: 52/59 MP: 10/10
  4167 | D:5      | Found a staircase to the Ecumenical Temple.
  4523 | D:6      | Reached skill level 9 in Unarmed Combat
  4863 | D:6      | Reached skill level 5 in Fighting
  4982 | D:6      | Found the +9 staff of Olgreb {rPois∞}
  5116 | D:6      | Reached XP level 9. HP: 67/74 MP: 11/11
  5352 | D:6      | Found a runed translucent door.
  5654 | D:6      | Found a runed translucent gate.
  5654 | D:6      | Found a runed translucent gate.
  5655 | D:6      | Found a runed translucent door.
  5666 | D:6      | Found a runed translucent gate.
  5943 | D:6      | Reached skill level 5 in Evocations
  6026 | D:6      | Reached skill level 10 in Unarmed Combat
  7876 | D:8      | Reached XP level 10. HP: 81/81 MP: 3/13
  7884 | D:8      | Noticed a two-headed ogre
  7887 | D:8      | Reached skill level 1 in Spellcasting
  7891 | D:8      | Killed a two-headed ogre
  8029 | D:8      | Found a staircase to the Lair.
  8376 | D:8      | Noticed a fire crab
  8382 | D:8      | Killed a fire crab
  8816 | D:9      | Noticed a two-headed ogre
  8822 | D:9      | Killed a two-headed ogre
  8823 | D:9      | Reached skill level 10 in Evocations
  9097 | D:9      | Found a staircase to the Orcish Mines.
  9349 | D:9      | Reached skill level 1 in Shields
  9353 | D:9      | Reached XP level 11. HP: 74/89 MP: 9/20
  9984 | D:9      | Learned a level 5 spell: Blade Hands
 10006 | D:10     | Entered Level 10 of the Dungeon
 10187 | D:10     | Noticed a two-headed ogre
 10202 | D:10     | Killed a two-headed ogre
 10436 | D:10     | Found Niuluvoh's Antique Weapon Emporium.
 10999 | D:11     | Noticed Snorg
 11008 | D:11     | Killed Snorg
 11236 | Orc:1    | Entered Level 1 of the Orcish Mines
 11323 | Orc:1    | Noticed Maurice
 11330 | Orc:1    | Killed Maurice
 11421 | Orc:1    | Reached skill level 5 in Transmutations
 11676 | Orc:1    | Noticed an orc knight
 11686 | Orc:1    | Killed an orc knight
 11912 | Orc:2    | Entered Level 2 of the Orcish Mines
 12306 | Orc:2    | Noticed an orc knight
 12312 | Orc:2    | Noticed an orc knight
 12318 | Orc:2    | Killed an orc knight
 12328 | Orc:2    | Killed an orc knight
 12630 | Orc:2    | Noticed an orc knight
 12651 | Orc:2    | Killed an orc knight
 12852 | Orc:2    | Noticed an orc knight
 12875 | Orc:2    | Killed an orc knight
 12876 | Orc:2    | Reached skill level 5 in Spellcasting
 12876 | Orc:2    | Reached XP level 12. HP: 96/96 MP: 10/23
 13165 | Orc:2    | Found Tockoche's General Store.
 13165 | Orc:2    | Found Miymp's Assorted Antiques.
 14229 | Orc:2    | Found a staircase to the Elven Halls.
 14571 | Orc:2    | Found Wualain's Armour Boutique.
 14571 | Orc:2    | Found Paesur's General Store.
 14586 | Orc:2    | Bought a potion of ambrosia for 112 gold pieces
 14586 | Orc:2    | Bought a potion of haste for 140 gold pieces
 14586 | Orc:2    | Bought a potion of heal wounds for 70 gold pieces
 14627 | Orc:2    | Bought a scroll of fear for 60 gold pieces
 14627 | Orc:2    | Bought a potion of cancellation for 120 gold pieces
 14717 | Lair:1   | Entered Level 1 of the Lair of Beasts
 14880 | Lair:1   | Noticed Amaemon
 14894 | Lair:1   | Killed Amaemon
 15003 | Lair:1   | Noticed Urug
 15013 | Lair:1   | Killed Urug
 15014 | Lair:1   | Reached skill level 11 in Unarmed Combat
 15944 | Lair:2   | Found a hole to the Spider Nest.
 15957 | Lair:2   | HP: 3/103 [pharaoh ant (20)]
 15957 | Lair:2   | Slain by a pharaoh ant

Illustrated notes

Levels and vault maps discovered:
D:1:      mrwooster_arrival_statue_2, layout_basic, minmay_split_cup_small
D:2:      layout_basic, uniq_jessica, uniq_natasha, uniq_robin
D:3:      layout_loops_ring, zin_academy, saegor_snake_ambush
D:4:      layout_loops_ring, wad_orctagon, uniq_edmund, uniq_duvessa
D:5:      layout_layer_cave, amcnicky_altar_gilded, minmay_temple_entry_slanted
D:6:      layout_loops_ring, mainiacjoe_overflow_big_doors,
          minmay_guarded_unrand_staff_of_olgreb
D:7:      layout_basic, nicolae_overflow_crystal_walls
D:8:      layout_rooms, vehumet_altar_wand_db, minmay_lair_entry_lava,
          minmay_ruined_shrine
D:9:      layout_stronghold, nicolae_uskayaw_suspiria, david_orc_2
D:10:     layout_long_grid, minmay_overflow_temple_star_quad, serial_shops,
          nicolae_lakefront_shop
D:11:     layout_long_grid, hellmonk_ghost_big_iron, serial_shops,
          nicolae_shop_statue_plus, nicolae_titane, uniq_snorg
Lair:1:   layout_regular_city, kennysheep_rathole, grunt_megastairs_2,
          uniq_urug, uniq_amaemon
Lair:2:   layout_concentric_octagons, minmay_shoals_entry_hut,
          nicolae_spider_entry_lesser_pyramids, beast_lair_carwin_8, uniq_fannar
Orc:1:    layout_caves, serial_shops, uniq_maurice
Orc:2:    st_orc_town, layout_diamond_mine

Skill      XL: |  1  2  3  4  5  6  7  8  9 10 11 12 |
---------------+-------------------------------------+-----
Fighting       | 1 5 6 8 |  8.5
Dodging        | 1 2 3 |  3.5
Stealth        | 1 |  1.0
Armour         | 2 4 |  4.0
Evocations     | 3 8 10 | 10.1
Unarmed Combat | 2 3 5 6 8 9 10 11 | 11.2
Spellcasting   | 3 5 |  5.0
Shields        | 1 2 3 |  3.0
Transmutations | 7 |  7.7

Action                     |  1- 3 |  4- 6 |  7- 9 | 10-12 || total
---------------------------+-------+-------+-------+-------++-------
  Melee: Mace              |    92 |   149 |       |       ||   241
         Club              |    10 |       |       |       ||    10
         Punch             |     1 |       |    10 |     1 ||    12
         Unarmed           |       |    21 |   121 |       ||   142
         Battleaxe         |       |    64 |   132 |       ||   196
         Staff             |       |       |    24 |   246 ||   270
Ability: Evoke the Staff o |       |       |    12 |   154 ||   166
  Evoke: Wand              |     9 |     8 |    32 |    15 ||    64
    Use: Potion            |       |       |     5 |     1 ||     6
         Scroll            |       |       |     6 |     7 ||    13
 Armour: Ring mail         |    42 |   160 |   162 |   118 ||   482
         Plate armour      |     5 |       |       |       ||     5
  Dodge: Dodged            |    70 |   139 |   160 |    89 ||   458
  Block: Buckler           |       |       |     5 |   150 ||   155
         Reflection        |       |       |       |    13 ||    13

Table legend: (Time is in decaauts)
 A = Elapsed time spent in this place.
 B = Non-inter-level travel time spent in this place.
 C = Inter-level travel time spent in this place.
 D = Time resting spent in this place.
 E = Time spent auto-exploring this place.
 F = Levels seen in this place.
 G = Mean time per level.
                   A        B        C        D        E       F      G
               +--------+--------+--------+--------+--------+-----+--------+
         Total |  16118 |  15657 |    461 |   1725 |  10997 |  15 | 1074.5 |
       Dungeon |  11406 |  11052 |    354 |   1425 |   7564 |  11 | 1036.9 |
          Lair |   1254 |   1240 |     14 |      0 |   1042 |   2 |  627.0 |
  Orcish Mines |   3456 |   3364 |     92 |    300 |   2391 |   2 | 1728.0 |
               +--------+--------+--------+--------+--------+-----+--------+

Top non-repeatable levels by time:
   Orc:2: 2614 daAuts
     D:6: 1662 daAuts
     D:7: 1298 daAuts
  Lair:1: 1208 daAuts
     D:2: 1200 daAuts
     D:5: 1198 daAuts
     D:9: 1132 daAuts
    D:10: 1125 daAuts
     D:8: 1102 daAuts
     D:4: 1022 daAuts
     D:3: 855 daAuts
   Orc:1: 842 daAuts
     D:1: 725 daAuts
    D:11: 82 daAuts
  Lair:2: 46 daAuts
